 Dungeon Crawl Stone Soup version 0.27-a0-1532-gca18f49f40 (webtiles) character file.

Game seed: 12870342736101000609

22035 freelancePsychic the Thaumaturge (level 13, -16/91 HPs)
             Began as a Djinni Ice Elementalist on July 12, 2021.
             Was a High Priest of Hepliaklqana.
             Demolished by an entropy weaver simulacrum (20 damage)
             ... in an ice cave.
             The game lasted 00:35:29 (17490 turns).

freelancePsychic the Thaumaturge (DjIE)            Turns: 17490, Time: 00:35:29

Health: -16/91     AC:  8    Str:  7    XL:     13   Next: 24%
Gold:   983        EV: 17    Int: 39    God:    Hepliaklqana [*****.] SH:  5 Dex: 14

rFire    + + +     SeeInvis .   h - +5 whip of the Puffin {venom, Int+6}
rCold    . . .     Faith    .   k - +0 buckler
rNeg     . . .     Spirit   .   O - +2 robe {rC+ rF+}
rPois    ∞         Reflect  .   L - +3 hat of Pondering {ponderous, Will+ MP+10 Int+5}
rElec    .         Harm     .   q - +0 cloak
rCorr    .         Rampage  .   (no gloves)
Will     ++...                  (boots unavailable)
Stlth    ++........             (no amulet)
HPRegen  0.25/turn              s - ring of protection from fire
MPRegen  0.00/turn              w - +6 ring of intelligence

@: flying, very slightly contaminated, slow
A: reduced essence, sickness immunity, fire resistance 2, cold vulnerability 1,
float, innate caster, hp casting, extra vitality 1
a: Renounce Religion, Recall Ancestor, Ancestor Identity, Transference, Idealise


You were in an ice cave.
You worshipped Hepliaklqana.
Hepliaklqana was extremely pleased with you.
You visited 3 branches of the dungeon, and saw 13 of its levels.
You also visited: Ice Cave and Volcano.

You collected 983 gold pieces.

Inventory:

Hand Weapons
 h - the +5 whip of the Puffin (weapon) {venom, Int+6}
   (You found it on level 4 of the Dungeon)

   It poisons the flesh of those it strikes.
   Int:       It affects your intelligence (+6).
Missiles
 x - a throwing net
 C - 6 curare-tipped darts
Armour
 k - a +0 buckler (worn)
 p - a +0 tower shield
 q - a +0 cloak (worn)
 J - +0 steam dragon scales
 L - the +3 hat of Pondering (worn) {ponderous, Will+ MP+10 Int+5}
   (You took it off Gastronok on level 1 of the Lair of Beasts)

   Int:       It affects your intelligence (+5).
   MP:        It affects your magic capacity (+10).
   Will:      It increases your willpower.
 N - a +2 leather armour of fire resistance
 O - a +2 robe of resistance (worn)
 P - a scarf of resistance
Jewellery
 f - a ring of fire
 s - a ring of protection from fire (left hand)
 v - a ring of protection from fire
 w - a +6 ring of intelligence (right hand)
Wands
 b - a wand of paralysis (7)
 y - a wand of charming (19)
 D - a wand of iceblast (11)
 E - a wand of flame (14)
 H - a wand of polymorph (11)
Scrolls
 d - 3 scrolls of blinking
 e - 7 scrolls of teleportation {@r4}
 m - a scroll of silence {unknown}
 n - 2 scrolls of enchant armour
 u - a scroll of magic mapping
 B - a scroll of immolation
 F - a scroll of enchant weapon
 G - a scroll of fog {unknown}
 I - a scroll of fear
Potions
 a - a potion of lignification
 c - a potion of invisibility {unknown}
 g - a potion of mutation
 i - 2 potions of flight {unknown}
 j - 3 potions of heal wounds {unknown}
 l - a potion of ambrosia {unknown}
 o - 2 potions of might {unknown}
 r - 4 potions of cancellation {unknown}
 t - a potion of attraction {unknown}
 z - a potion of haste {unknown}
 A - 2 potions of brilliance {unknown}
 K - 2 potions of berserk rage {unknown}
 M - a potion of curing {unknown}


   Skills:
 + Level 12.4 Fighting
 + Level 11.0 Dodging
 - Level 1.5 Stealth
 - Level 4.0 Shields
 + Level 12.6 Spellcasting


You had 7 spell levels left.
You knew the following spells:

 Your Spells              Type           Power      Damage    Failure   Level
a - Freeze                Ice            100%       1d11      0%          1
b - Frozen Ramparts       Ice            100%       1d12      1%          3
c - Ozocubu's Armour      Ice            89%        N/A       1%          3
d - Hailstorm             Conj/Ice       89%        3d18      1%          4
e - Metabolic Englaciati  Hex/Ice        44%        N/A       1%          5
f - Passwall              Tmut/Erth      74%        N/A       0%          2
g - Portal Projectile     Hex/Tloc       100%       N/A       1%          3
h - Irradiate             Conj/Tmut      44%        3d28      1%          5
i - Magic Dart            Conj           100%       1d8       0%          1
j - Mephitic Cloud        Conj/Pois/Air  89%        N/A       1%          3
Your spell library was empty.

Dungeon Overview and Level Annotations

Branches:
Dungeon (10/15)            Temple (1/1) D:5            Lair (2/6) D:8
  Snake (0/4) Lair:2        IceCv (1/1)             Volcano (visited)
  Swamp: Lair:2-4    Shoals: Lair:2-4       Orc: D:9-12

Altars:
Ashenzari
Cheibriados
Dithmenos
Elyvilon
Fedhas
Hepliaklqana
Makhleb
Nemelex Xobeh
Qazlal
Ru
Sif Muna
Uskayaw
Vehumet
Wu Jian
Xom
Yredelemnul
Zin
The Shining One

Shops:
D:4 :   D:8 =

Annotations:
D:4 2 runed translucent doors, Sobieck's ghost, amateur DDMo
D:8 2 transporters


Innate Abilities, Weirdness & Mutations

Your life essence is reduced to manifest your ancestor. (-10% HP)
You are immune to sickness and miasma.
You are immune to poison.
Your flesh is very heat resistant. (rF++)
You are vulnerable to cold. (rC-)
You float through the air rather than walking.
You learn spells naturally, not from books.
Your magical power is your life essence.
You have superior vitality. (+4 HP)


Message History

The wolf simulacrum vapourises!
The hail pelts the cane toad simulacrum!
The cane toad simulacrum partially resists.
The cane toad simulacrum is heavily damaged.
The hail pelts the ice devil.
The ice devil partially resists.
The ice devil is lightly wounded.
Casting: Hailstorm (safe; 1% risk of failure)
Confirm with . or Enter, or press ? or * to list all spells.
Casting: Hailstorm (safe; 1% risk of failure)
Press: ? - help, Dir - look around, f - activate A cannonade of hail descends around you!
The hail pelts the ice devil!
The ice devil partially resists.
The ice devil is heavily wounded.
The hail pelts the freezing wraith!
The freezing wraith partially resists.
The freezing wraith is heavily damaged.
The hail pelts the entropy weaver simulacrum.
The entropy weaver simulacrum partially resists.
The entropy weaver simulacrum is heavily damaged.
The ice devil barely misses Avares.
Casting: Hailstorm (safe; 1% risk of failure)
Confirm with . or Enter, or press ? or * to list all spells.
Casting: Hailstorm (safe; 1% risk of failure)
Press: ? - help, Dir - look around, f - activate A cannonade of hail descends around you!
The hail pelts the ice devil!
The ice devil partially resists.
The ice devil is almost dead.
The hail pelts the entropy weaver simulacrum!
The entropy weaver simulacrum partially resists.
The entropy weaver simulacrum is almost destroyed.
The hail pelts the freezing wraith!
The freezing wraith partially resists.
The freezing wraith is almost destroyed.
Avares blocks the ice devil's attack.
The entropy weaver simulacrum closely misses you.
The entropy weaver simulacrum hits you.
The entropy weaver simulacrum freezes you!!
* * * LOW HITPOINT WARNING * * *
The entropy weaver simulacrum hits you.
* * * LOW HITPOINT WARNING * * *
The entropy weaver simulacrum freezes you!!
You die...

#..## ###...###
#.......####
...........#
.........).#
........8########
........## ##...##
.###.....###.....##
########.R#..###@.#
..### ##...##.ZR.#
....### ##.##.W4###
##....## #####.ZZ
###...### ##...
###...### ##..Z ##
###...## 4.Z. .##
##...# 4Z.4Z ..##
###..# ..Z._.


You could see the friendly Avares the knight, an ice devil, a freezing wraith, a
dire elephant simulacrum and an entropy weaver simulacrum.

Vanquished Creatures
  A hydra (Lair:1)
  2 two-headed ogres
  A fire crab (Volcano)
  A lindwurm (Volcano)
  Pikel (D:9)
  2 black mambas (Lair:1)
  A cane toad (Lair:1)
  Maggie (D:6)
  A rime drake (Lair:1)
  A kobold demonologist (D:10)
  4 komodo dragons
  An anaconda simulacrum (IceCv)
  4 ice devils
  3 freezing wraiths (IceCv)
  A troll (D:9)
  Prince Ribbit (D:7)
  3 blink frogs (Lair:1)
  A wyvern (D:9)
  A wraith (D:10)
  24 yaks
  A dire elephant simulacrum (IceCv)
  2 basilisks (Lair:1)
  2 fire bats (Volcano)
  4 steam dragons
  6 water moccasins
  An acid dragon (D:10)
  A hell hound (Volcano)
  3 ice beasts
  2 orc warriors
  4 black bears
  3 wolves (Lair:1)
  3 centaurs
  A lemure (D:9)
  A phantom (D:7)
  A kobold brigand (D:6)
  A cane toad simulacrum (IceCv)
  4 bullfrogs
  2 scorpions
  A water moccasin zombie (D:5)
  The ghost of unlimited1921 the Skirmisher, a weakling MiFi (D:3)
  2 elephant simulacra (IceCv)
  4 killer bees
  3 wights (D:6)
  An electric eel (D:10)
  2 howler monkeys (D:8)
  4 centaur zombies
  A hound (D:5)
  A jelly (D:6)
  4 iguanas
  2 orc wizards
  Terence (D:2)
  2 spriggan simulacra (IceCv)
  A troll simulacrum (IceCv)
  A polar bear simulacrum (IceCv)
  3 wolf simulacra (IceCv)
  2 howler monkey zombies
  7 gnolls
  7 adders
  A shadow imp (D:6)
  5 white imps
  2 dart slugs
  10 orcs
  7 bats
  7 endoplasms
  2 giant cockroaches
  6 goblins
  7 hobgoblins
  5 jackals
  14 kobolds
  5 quokkas
  6 ball pythons
  A frilled lizard (D:3)
  6 rats
231 creatures vanquished.

Vanquished Creatures (collateral kills)
  Gastronok (Lair:1)
  A two-headed ogre (D:10)
  An entropy weaver simulacrum (IceCv)
  An ice devil (Lair:2)
  A slime creature (D:10)
  4 yaks
  An ice beast (D:7)
  2 black bears
  A bullfrog (D:8)
  2 elephant simulacra (IceCv)
  2 wights (D:6)
  4 howler monkeys
  A centaur zombie (D:8)
  A polar bear simulacrum (IceCv)
  A gnoll (D:6)
  A howler monkey skeleton (D:6)
  A shadow imp (D:6)
  An orc (D:6)
  A kobold (D:6)
28 creatures vanquished.

Vanquished Creatures (others)
  An ancestor (D:6)
  51 fungi
  53 plants (D:8)
105 creatures vanquished.

Grand Total: 364 creatures vanquished

Notes
Turn   | Place    | Note
-------+----------+-------------------------------------------
     0 | D:1      | freelancePsychic the Djinni Ice Elementalist began the
                  | quest for the Orb.
     0 | D:1      | Reached XP level 1. HP: 15/15 MP: 0/0
    91 | D:1      | Reached XP level 2. HP: 4/22 MP: 0/0
   380 | D:1      | Reached skill level 1 in Fighting
   864 | D:1      | Reached XP level 3. HP: 26/27 MP: 0/0
   864 | D:1      | Learned a level 1 spell: Magic Dart
  1735 | D:1      | Found a faded altar of an unknown god.
  2209 | D:2      | Noticed Terence
  2213 | D:2      | Killed Terence
  2214 | D:2      | Reached XP level 4. HP: 20/33 MP: 0/0
  3250 | D:3      | Noticed an orc warrior
  3258 | D:3      | Killed an orc warrior
  3259 | D:3      | Reached XP level 5. HP: 24/39 MP: 0/0
  3259 | D:3      | Learned a level 2 spell: Passwall
  3267 | D:3      | Reached XP level 6. HP: 25/45 MP: 0/0
  3525 | D:3      | Found a runed translucent door.
  3525 | D:3      | Noticed unlimited1921's ghost (weakling MiFi)
  3540 | D:3      | Killed unlimited1921's ghost
  4066 | D:4      | Reached skill level 5 in Spellcasting
  4075 | D:4      | Found Okukooq's Book Shoppe.
  4119 | D:4      | Found a sacrificial altar of Ru.
  4119 | D:4      | Identified the +5 whip of the Puffin {venom, Int+6}
  4130 | D:4      | Became a worshipper of Ru the Awakened
  4168 | D:4      | Noticed a black bear
  4183 | D:4      | Killed a black bear
  4281 | D:4      | Noticed a black bear
  4291 | D:4      | Killed a black bear
  4292 | D:4      | Reached XP level 7. HP: 25/51 MP: 0/0
  4292 | D:4      | Learned a level 3 spell: Portal Projectile
  4478 | D:4      | Found a runed translucent door.
  4510 | D:4      | Noticed Sobieck's ghost (amateur DDMo)
  4537 | D:4      | Found a runed translucent door.
  4628 | D:5      | Entered Level 5 of the Dungeon
  4656 | D:4      | Identified a scroll of acquirement
  4656 | D:4      | Acquired a manual of Spellcasting
  4894 | D:5      | Reached skill level 1 in Shields
  5188 | D:5      | Found a staircase to the Ecumenical Temple.
  5230 | Temple   | Entered the Ecumenical Temple
  5241 | Temple   | Fell from the grace of Ru
  5241 | Temple   | Became a worshipper of Hepliaklqana the Forgotten
  5272 | D:5      | Reached XP level 8. HP: 34/58 MP: 0/0
  5967 | D:5      | Reached * piety under Hepliaklqana
  6013 | D:5      | Reached skill level 5 in Fighting
  6350 | D:6      | Noticed Maggie
  6372 | D:6      | Killed Maggie
  6639 | D:6      | Reached XP level 9. HP: 39/59 MP: 0/0
  6639 | D:6      | Learned a level 3 spell: Mephitic Cloud
  7790 | D:7      | Found a glowing silver altar of Zin.
  8428 | D:7      | Reached ** piety under Hepliaklqana
  8429 | D:7      | Remembered your ancestor Avares as a knight
  8580 | D:7      | Noticed Prince Ribbit
  8586 | D:7      | Killed Prince Ribbit
  8679 | D:7      | Found a glowing golden altar of the Shining One.
  8682 | D:7      | Found a burning altar of Makhleb.
  8688 | D:7      | Found a blossoming altar of Fedhas.
  8691 | D:7      | Found a broken altar of Ashenzari.
  8710 | D:7      | Found a white marble altar of Elyvilon.
  9125 | D:8      | Found a staircase to the Lair.
  9129 | D:8      | Reached XP level 10. HP: 56/68 MP: 0/0
  9345 | D:8      | Noticed a komodo dragon
  9348 | D:8      | Killed a komodo dragon
  9349 | D:8      | Reached skill level 10 in Spellcasting
  9711 | D:8      | Found a transporter.
  9742 | D:8      | Found a transporter.
  9754 | D:8      | Noticed a komodo dragon
  9760 | D:8      | Killed a komodo dragon
  9961 | D:8      | Reached skill level 5 in Dodging
 10411 | D:8      | Reached *** piety under Hepliaklqana
 10496 | D:8      | Found Gadelull's Jewellery Boutique.
 10615 | D:8      | Upgraded the game from 0.27-a0-1529-g1e82c303ef to
                  | 0.27-a0-1532-gca18f49f40
 10745 | D:9      | Found a shadowy altar of Dithmenos.
 10785 | D:9      | Found an ornate altar of the Wu Jian Council.
 11018 | D:9      | Noticed a two-headed ogre
 11026 | D:9      | Killed a two-headed ogre
 11027 | D:9      | Reached XP level 11. HP: 46/75 MP: 0/0
 11027 | D:9      | Learned a level 5 spell: Metabolic Englaciation
 11946 | D:9      | Noticed Pikel
 11954 | D:9      | Killed Pikel
 12163 | D:9      | Reached skill level 10 in Fighting
 12332 | D:10     | Entered Level 10 of the Dungeon
 12338 | D:10     | Reached **** piety under Hepliaklqana
 13457 | D:10     | Noticed a two-headed ogre
 13461 | D:10     | Killed a two-headed ogre
 13896 | D:10     | Noticed a two-headed ogre
 13905 | D:10     | Killed a two-headed ogre
 14056 | D:10     | Reached XP level 12. HP: 73/83 MP: 0/0
 14576 | Lair:1   | Entered Level 1 of the Lair of Beasts
 14657 | Lair:1   | Noticed Gastronok
 14882 | Lair:1   | Killed Gastronok
 15562 | Lair:1   | Noticed a six-headed hydra
 15569 | Lair:1   | Killed a six-headed hydra
 15577 | Lair:1   | Reached skill level 10 in Dodging
 16310 | Lair:2   | Reached ***** piety under Hepliaklqana
 16312 | Lair:2   | Found a dark tunnel.
 16320 | Volcano  | Entered a volcano
 16352 | Volcano  | Noticed a fire crab
 16358 | Volcano  | Killed a fire crab
 16447 | Volcano  | Reached XP level 13. HP: 71/90 MP: 0/0
 16447 | Volcano  | Learned a level 5 spell: Irradiate
 16487 | Lair:2   | Found a frozen archway.
 16644 | IceCv    | Entered an ice cave
 17490 | IceCv    | HP: 4/91 [entropy weaver simulacrum (3)]
 17490 | IceCv    | Demolished by an entropy weaver simulacrum

Illustrated notes

Levels and vault maps discovered:
D:1:      minmay_arrival_stone_box, layout_basic,
          shapermc_ecumenical_altar_totnotflames, minmay_misc_feat_rows
D:2:      layout_loops_ring, basic_altar, uniq_terence
D:3:      layout_loops_ring, gammafunk_ghost_grave, nrook_loot_triangle,
          grunt_decor_clamped, minmay_diced_spiral
D:4:      layout_cave_pools, lemuel_crystal_altar, ebering_ghost_sewer_f,
          serial_shops, nicolae_shop_crystal
D:5:      layout_gridville, minmay_temple_entry_grid
D:6:      layout_cave_pools, minmay_misc_feat_rugged, uniq_maggie
D:7:      layout_loops_corners, minmay_overflow_temple_star_hex, zin_academy,
          grunt_decor_junction, uniq_prince_ribbit1
D:8:      gammafunk_steamed_eel, layout_layer_cave, due_lair_maze_entry_diamond,
          serial_shops, nicolae_shop_trees
D:9:      layout_grid_maze, jmf_multi_god_temple, uniq_pikel
D:10:     minmay_angry_zag, layout_layer_cave, minivault_4
Temple:   cyrus_circular_temple
Lair:1:   layout_cave_pods, infiniplex_staircase_pool, uniq_gastronok
Lair:2:   layout_cave_shapes, guppyfry_snake_entry_garden,
          portal_ice_cave_demonic_guard, enter_volcano_1, beast_lair_carwin_2,
          uniq_nergalle
IceCv:    ice_cave_small_necro

Skill      XL: |  1  2  3  4  5  6  7  8  9 10 11 12 13 |
---------------+----------------------------------------+-----
Fighting       | 1 2 3 4 5 8 9 10 12 | 12.4
Spellcasting   | 4 5 6 7 9 11 12 | 12.6
Shields        | 2 4 |  4.0
Dodging        | 6 8 10 11 | 11.0
Stealth        | |  1.5

Action                   |  1- 3 |  4- 6 |  7- 9 | 10-12 | 13-15 || total
-------------------------+-------+-------+-------+-------+-------++-------
Melee: Unarmed           |     4 |       |       |       |       ||     4
       Whip              |       |     1 |    69 |     9 |     1 ||    80
 Cast: Freeze            |    40 |    11 |     6 |     4 |       ||    61
       Magic Dart        |    22 |    64 |    78 |       |       ||   164
       Frozen Ramparts   |     1 |     9 |    11 |    22 |     1 ||    44
       Ozocubu's Armour  |     1 |     4 |    13 |    12 |       ||    30
       Hailstorm         |       |       |    21 |   123 |    34 ||   178
       Mephitic Cloud    |       |       |     1 |       |       ||     1
       Metabolic Englaci |       |       |       |     9 |       ||     9
       Irradiate         |       |       |       |       |    11 ||    11
Invok: Ancestor Identity |       |       |     2 |       |       ||     2
       Ancestor Life: Kn |       |       |     1 |       |       ||     1
Evoke: Wand              |       |       |       |       |     2 ||     2
  Use: Scroll            |       |     2 |     4 |     6 |     1 ||    13
 Stab: Sleeping          |       |       |     2 |       |       ||     2
       Distracted        |       |       |     1 |       |       ||     1
       Confused          |       |       |     1 |       |       ||     1
Armor: Robe              |     8 |     1 |    33 |     2 |       ||    44
       Steam dragon scal |       |       |       |     5 |       ||     5
Dodge: Dodged            |    16 |    15 |    74 |     9 |    11 ||   125
Block: Buckler           |       |       |     2 |     3 |     1 ||     6

Table legend: (Time is in decaauts)
 A = Elapsed time spent in this place.
 B = Non-inter-level travel time spent in this place.
 C = Inter-level travel time spent in this place.
 D = Time resting spent in this place.
 E = Time spent auto-exploring this place.
 F = Levels seen in this place.
 G = Mean time per level.
                   A        B        C        D        E       F      G
               +--------+--------+--------+--------+--------+-----+--------+
         Total |  17595 |  17113 |    482 |    788 |  14591 |  15 | 1173.0 |
       Dungeon |  14708 |  14245 |    463 |    501 |  12576 |  10 | 1470.8 |
        Temple |     19 |     11 |      8 |      0 |      5 |   1 |   19.0 |
          Lair |   1848 |   1838 |     10 |    248 |   1299 |   2 |  924.0 |
      Ice Cave |    858 |    858 |      0 |     39 |    711 |   1 |  858.0 |
       Volcano |    161 |    161 |      0 |      0 |      0 |   1 |  161.0 |
               +--------+--------+--------+--------+--------+-----+--------+

Top non-repeatable levels by time:
    D:10: 2142 daAuts
     D:1: 1888 daAuts
     D:9: 1716 daAuts
  Lair:1: 1652 daAuts
     D:7: 1582 daAuts
     D:8: 1574 daAuts
     D:6: 1548 daAuts
     D:3: 1318 daAuts
     D:5: 1275 daAuts
   IceCv: 858 daAuts
     D:2: 840 daAuts
     D:4: 820 daAuts
  Lair:2: 196 daAuts
 Volcano: 161 daAuts
  Temple: 19 daAuts
